 Dungeon Crawl Stone Soup version 0.28-a0-620-g539b0f7ac7 (webtiles) character file.

Game seed: 989271201236152037

338 meatgazer the Skirmisher (level 6, -1/53 HPs)
             Began as a Gnoll Wanderer on Oct 6, 2021.
             Was an Initiate of Gozag.
             Slain by an orc (2 damage)
             ... on level 5 of the Dungeon.
             The game lasted 00:11:35 (6288 turns).

meatgazer the Skirmisher (Gnoll Wanderer)           Turns: 6288, Time: 00:11:36

Health: -1/53      AC:  4    Str: 12    XL:     6   Next: 55%
Magic:  11/11      EV: 12    Int: 11    God:    Gozag
Gold:   299        SH:  0    Dex: 13    Spells: 10/11 levels left

rFire   . . .      SeeInvis .   d - +0 falchion
rCold   . . .      Faith    .   (no shield)
rNeg    . . .      Spirit   .   b - +0 robe
rPois   .          Reflect  .   (no helmet)
rElec   .          Harm     .   (no cloak)
rCorr   .          Rampage  .   (no gloves)
Will    .....                   h - +1 pair of boots
Stlth   ++........              (no amulet)
HPRegen 0.17/turn               (no ring)
MPRegen 0.12/turn               (no ring)

@: no status effects
A: fangs 1, strong nose, distributed training
a: Renounce Religion, Potion Petition, Call Merchant, Bribe Branch


You were on level 5 of the Dungeon.
You worshipped Gozag.
Gozag was aware of your devotion.
You visited 1 branch of the dungeon, and saw 5 of its levels.

You collected 679 gold pieces.
You paid 380 gold pieces to Gozag.

Inventory:

Hand Weapons
 d - a +0 falchion (weapon)
Armour
 b - a +0 robe (worn)
 h - a +1 pair of boots (worn)
Jewellery
 j - a ring of ice
Potions
 f - 2 potions of curing


   Skills:
 + Level 6.8 Fighting
 + Level 2.0 Short Blades
 + Level 5.0 Long Blades
 + Level 2.0 Axes
 + Level 2.0 Maces & Flails
 + Level 2.0 Polearms
 + Level 2.0 Staves
 + Level 2.0 Slings
 + Level 2.0 Bows
 + Level 2.0 Crossbows
 + Level 2.0 Throwing
 + Level 2.0 Armour
 + Level 2.0 Dodging
 + Level 2.0 Stealth
 + Level 3.3 Shields
 + Level 2.0 Unarmed Combat
 + Level 3.4 Spellcasting
 + Level 2.6 Conjurations
 + Level 1.6 Hexes
 + Level 1.6 Summonings
 + Level 1.6 Necromancy
 + Level 1.6 Translocations
 + Level 2.6 Transmutations
 + Level 1.6 Fire Magic
 + Level 1.6 Ice Magic
 + Level 1.6 Air Magic
 + Level 1.6 Earth Magic
 + Level 1.6 Poison Magic
 + Level 2.2 Invocations
 + Level 3.3 Evocations


You had 10 spell levels left.
You knew the following spells:

 Your Spells              Type           Power      Damage    Failure   Level
a - Beastly Appendage     Tmut           14%        N/A       9%          1

Your spell library contained the following spells:

 Spells                   Type           Power      Damage    Failure   Level
 Magic Dart               Conj           28%        1d4       9%          1
 Searing Ray              Conj           14%        2d5       13%         2
 Dazzling Flash           Conj/Hex       12%        N/A       30%         3
 Spider Form              Tmut/Pois      3%         N/A       30%         3
 Fulminant Prism          Conj/Hex       3%         3d6       71%         4
 Iskenderun's Mystic Bla  Conj/Tloc      6%         2d4       71%         4


Dungeon Overview and Level Annotations

Branches:
Dungeon (5/15)
 Temple: D:4-7

Altars:
Cheibriados
Gozag

Annotations:
D:4 Pikel, Sigmund


Innate Abilities, Weirdness & Mutations

You have very sharp teeth.
Your uncanny sense of smell can sniff out nearby items.
Your experience applies equally to all skills.


Message History

You closely miss something. Something hits you.
You barely miss something.
You hear a shout!
Something hits you.
You hit something but do no damage. Something hits you.
You barely miss something. Something hits you but does no damage.
You hit something but do no damage.
The orc is distracted by your dazzling golden aura.
Something hits you but does no damage.
You barely miss something.
The orc shouts!
Something hits you.
You hear a shout!
You barely miss something. Your bite misses something. Something hits you.
You hit something.
Reactivating autopickup.
You feel a bit more experienced.
The orc is no longer distracted by gold.
The orc is distracted by your dazzling golden aura.
The orc is no longer distracted by gold.
The orc hits you with a +2 war axe of pain!
* * * LOW HITPOINT WARNING * * *
Items here: $ ) ? [.
You hit the orc but do no damage.
The orc is heavily wounded.
The orc misses you.
You hit the orc but do no damage.
The orc is heavily wounded.
An orc comes into view. It is wielding a +0 dagger.
The orc completely misses you.
You barely miss the orc.
The orc is heavily wounded.
The orc hits you with a +2 war axe of pain!
* * * LOW HITPOINT WARNING * * *
The orc throws a boomerang.
The boomerang misses you.
The orc throws a javelin.
The javelin misses you.
You see here 4 gold pieces.
The orc hits you with a +2 war axe of pain.
You die...
Your body crumbles into a pile of gold.

###### #..... $
##..... .......
#.....######
#.$...### ##+####
#$##.....
.......##@##..###
.......'oo##..#
.......##.....#
....... #.###.####...
......# #.# #).......
##!...+.#'###.####...
##..[#.......#
#####.......#
...........#


You could see 2 orcs.

Vanquished Creatures
  An ogre (D:5)
  A scorpion zombie (D:5)
  2 orc wizards
  A hound skeleton (D:4)
  3 gnolls (D:4)
  6 adders
  An adder skeleton (D:4)
  A worm (D:2)
  7 orcs
  2 bats (D:3)
  5 endoplasms
  5 giant cockroaches
  7 goblins
  4 hobgoblins
  9 jackals
  7 kobolds
  5 quokkas
  7 ball pythons
  2 frilled lizards
  9 rats
85 creatures vanquished.

Vanquished Creatures (others)
  8 plants (D:2)
8 creatures vanquished.

Grand Total: 93 creatures vanquished

Notes
Turn   | Place    | Note
-------+----------+-------------------------------------------
     0 | D:1      | meatgazer the Gnoll Wanderer began the quest for the Orb.
     0 | D:1      | meatgazer set off with the following items: a +0 spear, a
                  | +0 robe; and the following spells available to memorise:
                  | Beastly Appendage, Magic Dart, Searing Ray, Dazzling Flash,
                  | Spider Form, Fulminant Prism, Iskenderun's Mystic Blast
     0 | D:1      | Reached XP level 1. HP: 23/23 MP: 4/4
     2 | D:1      | Learned a level 1 spell: Beastly Appendage
   433 | D:1      | Reached XP level 2. HP: 29/29 MP: 5/5
   449 | D:1      | Found a faded altar of an unknown god.
   457 | D:1      | Became a worshipper of Gozag Ym Sagoz the Greedy
  1528 | D:2      | Reached XP level 3. HP: 12/35 MP: 5/7
  1949 | D:2      | Reached skill level 1 in Invocations
  2354 | D:2      | Reached skill level 1 in Short Blades
  2354 | D:2      | Reached skill level 1 in Axes
  2354 | D:2      | Reached skill level 1 in Maces & Flails
  2354 | D:2      | Reached skill level 1 in Polearms
  2354 | D:2      | Reached skill level 1 in Staves
  2354 | D:2      | Reached skill level 1 in Slings
  2354 | D:2      | Reached skill level 1 in Bows
  2354 | D:2      | Reached skill level 1 in Crossbows
  2354 | D:2      | Reached skill level 1 in Throwing
  2354 | D:2      | Reached skill level 1 in Armour
  2354 | D:2      | Reached skill level 1 in Dodging
  2354 | D:2      | Reached skill level 1 in Stealth
  2354 | D:2      | Reached skill level 1 in Unarmed Combat
  2354 | D:2      | Reached XP level 4. HP: 23/41 MP: 6/8
  3073 | D:2      | Found a snail-covered altar of Cheibriados.
  3524 | D:3      | Reached skill level 1 in Hexes
  3524 | D:3      | Reached skill level 1 in Summonings
  3524 | D:3      | Reached skill level 1 in Necromancy
  3524 | D:3      | Reached skill level 1 in Translocations
  3524 | D:3      | Reached skill level 1 in Fire Magic
  3524 | D:3      | Reached skill level 1 in Ice Magic
  3524 | D:3      | Reached skill level 1 in Air Magic
  3524 | D:3      | Reached skill level 1 in Earth Magic
  3524 | D:3      | Reached skill level 1 in Poison Magic
  4284 | D:4      | Reached XP level 5. HP: 41/47 MP: 9/9
  5156 | D:4      | Noticed a lemure
  5156 | D:4      | Noticed a lemure
  5920 | D:4      | Noticed Pikel
  5920 | D:4      | Noticed a lemure
  5920 | D:4      | Noticed a lemure
  5959 | D:4      | Noticed Sigmund
  5988 | D:5      | Entered Level 5 of the Dungeon
  6077 | D:5      | Noticed an ogre
  6084 | D:5      | Killed an ogre
  6085 | D:5      | Reached skill level 5 in Long Blades
  6085 | D:5      | Reached XP level 6. HP: 5/53 MP: 9/11
  6286 | D:5      | HP: 1/53 [orc (10)]
  6288 | D:5      | Slain by an orc

Illustrated notes

Levels and vault maps discovered:
D:1:      giann_wishing_wells, layout_basic, hellmonk_ecumenical_altar_zigzags,
          chequers_serial_rivers_room_a
D:2:      layout_loops_ring, basic_altar, minmay_crystal_water,
          guppyfry_early_lair_pool
D:3:      layout_rooms, hangedman_decor_clover_reticule, serial_bayou_pond_a
D:4:      layout_loops_ring, sigmund_edmund_badplayer, uniq_pikel
D:5:      corexii_shack_village, layout_basic

Skill      XL: |  1  2  3  4  5  6 |
---------------+-------------------+-----
Conjurations   | 2 |  2.6
Transmutations | 2 |  2.6
Invocations    | 1 2 |  2.2
Short Blades   | 1 2 |  2.0
Axes           | 1 2 |  2.0
Maces & Flails | 1 2 |  2.0
Polearms       | 1 2 |  2.0
Staves         | 1 2 |  2.0
Slings         | 1 2 |  2.0
Bows           | 1 2 |  2.0
Crossbows      | 1 2 |  2.0
Throwing       | 1 2 |  2.0
Armour         | 1 2 |  2.0
Dodging        | 1 2 |  2.0
Stealth        | 1 2 |  2.0
Unarmed Combat | 1 2 |  2.0
Spellcasting   | 3 |  3.4
Hexes          | 1 |  1.6
Summonings     | 1 |  1.6
Necromancy     | 1 |  1.6
Translocations | 1 |  1.6
Fire Magic     | 1 |  1.6
Ice Magic      | 1 |  1.6
Air Magic      | 1 |  1.6
Earth Magic    | 1 |  1.6
Poison Magic   | 1 |  1.6
Shields        | 3 |  3.3
Evocations     | 3 |  3.3
Long Blades    | 5 |  5.0
Fighting       | |  6.8

Action                   |  1- 3 |  4- 6 || total
-------------------------+-------+-------++-------
Melee: Spear             |   103 |   240 ||   343
       Pseudopods        |     8 |    23 ||    31
       Kick              |     6 |     3 ||     9
       Headbutt          |     1 |     1 ||     2
       Falchion          |       |    68 ||    68
       Bite              |       |     2 ||     2
 Cast: Beastly Appendage |     6 |     2 ||     8
Invok: Potion Petition   |       |     2 ||     2
  Use: Potion            |       |     9 ||     9
       Scroll            |       |     7 ||     7
 Stab: Sleeping          |     1 |     5 ||     6
Armor: Robe              |    13 |    68 ||    81
Dodge: Dodged            |    50 |   173 ||   223

Table legend: (Time is in decaauts)
 A = Elapsed time spent in this place.
 B = Non-inter-level travel time spent in this place.
 C = Inter-level travel time spent in this place.
 D = Time resting spent in this place.
 E = Time spent auto-exploring this place.
 F = Levels seen in this place.
 G = Mean time per level.
                   A        B        C        D        E       F      G
               +--------+--------+--------+--------+--------+-----+--------+
         Total |   6322 |   6179 |    143 |   1527 |   3658 |   5 | 1264.4 |
       Dungeon |   6322 |   6179 |    143 |   1527 |   3658 |   5 | 1264.4 |
               +--------+--------+--------+--------+--------+-----+--------+

Top non-repeatable levels by time:
     D:2: 1997 daAuts
     D:1: 1519 daAuts
     D:4: 1406 daAuts
     D:3: 1097 daAuts
     D:5: 301 daAuts
